 Dungeon Crawl Stone Soup version 0.24.0-125-gc4c63601f3 (webtiles) character file.

Game seed: 16869304657151998216, levelgen mode: deterministic

171491 votol the Eclecticist (level 17, -3/104 HPs)
             Began as a Deep Elf Fire Elementalist on Feb 25, 2020.
             Was a High Priest of Vehumet.
             Killed by the raging water
             ... invoked by a water nymph
              (21 damage)
             ... on level 4 of the Shoals on Mar 6, 2020.
             The game lasted 05:32:27 (46303 turns).

votol the Eclecticist (Deep Elf Fire Elementalist) Turns: 46303, Time: 05:32:29

Health: -3/104     AC: 10    Str:  5    XL:     17   Next: 39%
Magic:  6/40       EV: 25    Int: 28    God:    Vehumet [*****.]
Gold:   2234       SH:  0    Dex: 18    Spells: 25/50 levels left

rFire    . . .     SeeInvis .   a - staff of death
rCold    + + +     Gourm    .   (no shield)
rNeg     + . .     Faith    .   A - +2 robe {rC+ rF+}
rPois    .         Spirit   .   h - +1 helmet
rElec    .         Reflect  .   L - +0 cloak {rC+}
rCorr    .         Harm     .   k - +0 pair of gloves
MR       +....                  C - +1 pair of boots
Stlth    +.........             g - amulet of regeneration
HPRegen  0.67/turn              n - +3 ring of dexterity
MPRegen  0.27/turn              B - ring of ice

@: lethally poisoned (-3 -> -4), very slow
A: no striking features
a: Renounce Religion


You were on level 4 of the Shoals.
You worshipped Vehumet.
Vehumet was extremely pleased with you.
You were hungry.

You visited 5 branches of the dungeon, and saw 25 of its levels.
You also visited: Ice Cave.

You collected 3079 gold pieces.
You spent 845 gold pieces at shops.

Inventory:

Armour
 h - a +1 helmet (worn)
 k - a +0 pair of gloves (worn)
 A - a +2 robe of resistance (worn)
 C - a +1 pair of boots (worn)
 L - a +0 cloak of cold resistance (worn)
Magical Staves
 a - an uncursed staff of death (weapon)
Jewellery
 g - an amulet of regeneration (around neck)
 l - an uncursed ring of resist corrosion
 n - a +3 ring of dexterity (left hand)
 v - a +3 ring of strength
 B - a ring of ice (right hand)
 E - the ring of Daisies {Fire *Slow rElec MR+++ Int+4}
   (You found it on level 6 of the Dungeon)

   [ring of fire]

   It enhances your fire magic.
   It affects your intelligence (+4).
   It protects you from fire.
   It makes you vulnerable to cold.
   It insulates you from electricity.
   It affects your resistance to hostile enchantments.
   It may slow you when you take damage.
 F - an uncursed ring of ice
 M - an uncursed ring of positive energy
 O - the ring "Riczuiff" {+Blink MR+ Str-4 Int+4 Stlth-}
   (You found it on level 3 of the Lair of Beasts)

   [ring of attention]

   It affects your strength (-4).
   It affects your intelligence (+4).
   It affects your resistance to hostile enchantments.
   It lets you blink.
   It makes you less stealthy.
Wands
 u - a wand of digging (11)
 y - a wand of flame (58)
 K - a wand of acid (27)
 P - a wand of iceblast (11)
Scrolls
 f - 5 scrolls of immolation
 i - a scroll of enchant weapon
 j - 5 scrolls of remove curse
 m - 2 scrolls of silence
 o - 4 scrolls of magic mapping
 p - 13 scrolls of teleportation
 x - a scroll of brand weapon
 D - 2 scrolls of fear
 H - 3 scrolls of fog
 I - 6 scrolls of identify
Potions
 b - a potion of cancellation
 d - 2 potions of curing
 e - 5 potions of flight
 q - 3 potions of mutation
 r - 4 potions of brilliance
 t - a potion of might
 w - a potion of agility
 z - a potion of invisibility
 G - 4 potions of haste
 J - a potion of resistance
Comestibles
 c - 36 rations


   Skills:
 + Level 11.5 Fighting
 + Level 15.8 Dodging
 - Level 2.4 Stealth
 + Level 17.0 Spellcasting
 + Level 13.4 Conjurations
 - Level 9.0 Necromancy
 - Level 11.1 Fire Magic
 + Level 8.8 Earth Magic
 - Level 5.0 Evocations


You had 25 spell levels left.
You knew the following spells:

 Your Spells              Type           Power        Failure   Level  Hunger
a - Flame Tongue          Conj/Fire      #####        0%          1    None
b - Throw Flame           Conj/Fire      ######       0%          2    None
c - Conjure Flame         Conj/Fire      #######.     1%          3    None
d - Fireball              Conj/Fire      #######...   1%          5    None
e - Bolt of Draining      Conj/Necr      #######...   1%          5    None
f - Regeneration          Chrm/Necr      ######....   1%          3    None
g - Iron Shot             Conj/Erth      ######....   1%          6    ###....

Your spell library contained the following spells:

 Spells                   Type           Power        Failure   Level  Hunger
 Lightning Bolt           Conj/Air       ######....   1%          5    None
 Magic Dart               Conj           ####         0%          1    None
 Searing Ray              Conj           ######       0%          2    None
 Confusing Touch          Hex            ###...       1%          1    None
 Corona                   Hex            ###....      1%          1    None
 Freeze                   Ice            ####         1%          1    None
 Infusion                 Chrm           ###.         1%          1    None
 Summon Small Mammal      Summ           ###.         1%          1    None
 Throw Frost              Conj/Ice       ######       1%          2    None
 Dazzling Spray           Conj/Hex       ######       1%          3    None
 Inner Flame              Hex/Fire       ######..     1%          3    None
 Mephitic Cloud           Conj/Pois/Air  #####...     1%          3    None
 Animate Dead             Necr           N/A          1%          4    None
 Force Lance              Conj/Tloc      ######..     1%          4    None
 Fulminant Prism          Conj/Hex       ######....   1%          4    None
 Sticky Flame             Conj/Fire      #######.     1%          4    None
 Throw Icicle             Conj/Ice       #######.     1%          4    None
 Bolt of Magma            Conj/Fire/Erth ######....   1%          5    None
 Borgnjor's Vile Clutch   Necr/Erth      #######...   1%          5    None
 Irradiate                Conj/Tmut      ######....   1%          5    None
 Bolt of Fire             Conj/Fire      #######...   1%          6    ###....
 Blink                    Tloc           N/A          3%          2    None
 Call Imp                 Summ           ###.....     3%          2    None
 Ensorcelled Hibernation  Hex/Ice        #####.       3%          2    None
 Shroud of Golubria       Chrm/Tloc      ###...       3%          2    None
 Slow                     Hex            ###.....     3%          2    None
 Song of Slaying          Chrm           ###.....     3%          2    None
 Leda's Liquefaction      Hex/Erth       #####.....   3%          4    None
 Petrify                  Tmut/Erth      #####...     3%          4    None
 Olgreb's Toxic Radiance  Pois           ###.....     5%          4    None
 Bolt of Cold             Conj/Ice       #######...   5%          6    ###....
 Conjure Ball Lightning   Conj/Air       ######....   5%          6    ###....
 Call Canine Familiar     Summ           ###.....     6%          3    None
 Confuse                  Hex            ###.....     6%          3    None
 Gell's Gravitas          Tloc           ###.......   6%          3    None
 Ozocubu's Armour         Chrm/Ice       #####...     6%          3    None
 Portal Projectile        Hex/Tloc       ###...       6%          3    None
 Recall                   Summ/Tloc      N/A          6%          3    None
 Spectral Weapon          Hex/Chrm       ###.....     6%          3    None
 Summon Guardian Golem    Hex/Summ       ###.....     6%          3    None
 Tukima's Dance           Hex            ###.....     6%          3    None
 Death Channel            Necr           #######...   8%          6    ###....
 Yara's Violent Unravell  Hex/Tmut       ###.......   14%         5    None
 Summon Ice Beast         Ice/Summ       #####...     19%         4    None
 Summon Lightning Spire   Summ/Air       ###.....     19%         4    None
 Simulacrum               Ice/Necr       #######...   43%         6    ###....
 Statue Form              Tmut/Erth      #####....    43%         6    ###....
 Metabolic Englaciation   Hex/Ice        #####.....   47%         5    None
 Silence                  Hex/Air        ###.......   47%         5    None
 Deflect Missiles         Chrm/Air       ###.......   96%         6    ###....
 Controlled Blink         Tloc           N/A          100%        8    ######.
 Shatter                  Erth           ######....   100%        9    #######
 Tornado                  Air            ###.......   100%        9    #######


Dungeon Overview and Level Annotations

Branches:
Dungeon (12/15)            Temple (1/1) D:7            Lair (6/6) D:8
 Shoals (4/4) Lair:3        Snake (0/4) Lair:4        Slime (0/5) Lair:5
    Orc (2/2) D:9             Elf (0/3) Orc:2         IceCv (visited)

Altars:
Ashenzari
Cheibriados
Dithmenos
Elyvilon
Fedhas
Gozag
Hepliaklqana
Kikubaaqudgha
Makhleb
Nemelex Xobeh
Okawaru
Qazlal
Ru
Sif Muna
Trog
Uskayaw
Vehumet
Wu Jian
Xom
Yredelemnul
Zin
The Shining One
Beogh

Shops:
D:8 :   D:10 =   Orc:2 (*:*   Shoals:3 :

Portals:
Trove: D:12 (give 7 potions of haste)

Annotations:
Shoals:4 Polyphemus


Message History

The scroll dissolves into smoke.
You feel sick.
Polyphemus throws a large rock.
The large rock completely misses you.
You feel sick.
You see here a large rock.
Splash!
You fall into the shallow water.
Moving in this stuff is going to be slow.
You hear a bellow!
Casting: Bolt of Draining (safe; 1% risk of failure)
Confirm with . or Enter, or press ? or * to list all spells.
Aiming: Fireball (safe; 1% risk of failure)
Press: ? - help, Shift-Dir - straight line The fireball explodes!
The fireball engulfs the water nymph!!
The water nymph is heavily wounded.
You feel sick.
You hear an angry hiss. x2; You hear a bellow!
The water nymph is engulfed in a cloud of scalding steam.
The water nymph gestures at you while chanting.
The water swirls and strikes you!!
You die...

..... ≈≈≈.≈≈#≈≈≈...........
.../≈. #≈..#≈#≈...........#.
....≈.≈## ..#≈#...............
Y≈...≈≈≈≈## ..≈#................
≈≈.....≈≈≈######.................
.≈≈......≈≈§§§≈...............≈..
.≈≈≈≈....≈≈§§§§..............≈≈≈.
.≈≈≈≈C≈≈C))§§§§m........[....≈≈≈≈
≈≈≈≈≈≈≈≈≈H######@...........≈≈≈≈≈
≈≈≈≈≈≈Y≈t#....≈##..........≈≈≈≈≈≈
≈≈≈≈≈≈≈≈#.#....≈##.........≈≈≈≈≈≈
≈≈≈..≈≈#.#tmm#..≈#.(...##.≈≈≈≈≈≈≈
.......#...≈#t≈.≈#..####..≈≈≈≈≈≈≈
.......#≈.m##≈≈. #≈......≈≈≈≈≈≈≈≈
.......#≈≈#mm ..≈#≈≈≈...≈≈≈≈≈≈≈≈≈
......≈#≈≈§§H. #≈#≈≈≈≈≈.≈≈≈≈≈≈≈≈≈
......≈##≈§§..# ##≈≈...<(≈≈≈..≈≈≈


You could see a water nymph.

Vanquished Creatures
  An Ice Fiend (IceCv)
  Donald (Shoals:2)
  The ghost of archon2 the Scorcher, an adept DEFE of Vehumet (Shoals:3)
  5 dire elephants
  Josephine (Lair:6)
  6 merfolk impalers
  3 hydras
  A catoblepas (Lair:3)
  5 two-headed ogres
  3 merfolk aquamancers
  2 satyrs
  An anaconda (Lair:6)
  4 merfolk avatars
  8 death yaks
  3 orc high priests (Orc:2)
  Sonja (Lair:5)
  5 sea snakes
  3 unseen horrors
  A lindwurm (Lair:6)
  Pikel (D:4)
  7 orc knights
  15 harpies
  8 orc sorcerers
  2 ugly things
  4 oklob plants (Lair:5)
  A cyclops (Orc:2)
  8 manticores
  8 fauns (Shoals:3)
  13 elephants
  Joseph (D:10)
  4 merfolk sirens
  A torpor snail (Lair:5)
  5 black mambas
  4 water nymphs
  12 spiny frogs
  An ice statue (IceCv)
  A kobold demonologist (D:11)
  4 rime drakes
  8 komodo dragons
  4 ice devils (IceCv)
  2 anaconda simulacra (IceCv)
  5 trolls
  A freezing wraith (IceCv)
  23 merfolk
  2 golden dragon simulacra (IceCv)
  3 wind drakes (Shoals:2)
  5 harpy zombies (Shoals:2)
  7 slime creatures
  Grinder (D:6)
  2 hornets
  14 blink frogs
  13 snapping turtles
  13 hippogriffs
  12 dream sheep
  13 water elementals
  2 wyverns
  A shadow (D:12)
  8 wraiths
  2 dire elephant simulacra (IceCv)
  32 yaks
  A hungry ghost (D:6)
  The ghost of LostGamesStreakFreak the Chiller, an amateur DrIE (D:3)
  2 basilisks
  2 death yak simulacra (IceCv)
  7 nagas (Lair:4)
  A steam dragon (Lair:3)
  Menkaure (D:5)
  4 wargs
  Edmund (D:4)
  5 harpy simulacra (IceCv)
  A hydra simulacrum (IceCv)
  2 iron troll simulacra (IceCv)
  8 water moccasins
  14 porcupines
  4 ice beasts
  22 orc warriors
  2 phantoms
  A black bear (D:12)
  The ghost of mopl the Cudgeler, an amateur GnCK of Xom (D:6)
  An ettin simulacrum (IceCv)
  4 sky beasts
  7 necrophages
  7 ogres
  28 wolves
  6 centaurs
  12 crocodiles
  6 big kobolds
  2 gnoll sergeants (D:7)
  12 bullfrogs
  4 scorpions
  2 elephant simulacra (IceCv)
  5 wights (D:8)
  5 electric eels
  4 howler monkeys
  8 crimson imps
  3 bullfrog zombies
  22 orc priests
  A quasit (D:12)
  3 draconian simulacra (IceCv)
  4 centaur skeletons
  7 hounds
  3 jellies
  27 orc wizards
  6 iguanas
  Ijyb (D:3)
  Natasha (twice) (D:3)
  2 hell rats (Lair:4)
  2 spriggan simulacra (IceCv)
  A polar bear simulacrum (IceCv)
  6 worker ants
  5 troll simulacra (IceCv)
  A wolf simulacrum (IceCv)
  A centaur simulacrum (IceCv)
  A hound zombie (D:8)
  2 hound skeletons
  A howler monkey zombie (D:6)
  A howler monkey skeleton (D:4)
  9 gnolls
  2 naga simulacra (IceCv)
  6 ogre simulacra (IceCv)
  22 adders
  8 river rats (Lair:4)
  7 shadow imps
  8 white imps
  2 ufetubi (IceCv)
  3 oozes
  2 adder skeletons
  5 dart slugs
  6 leopard geckos
  78 orcs
  2 bat zombies (Shoals:2)
  2 giant cockroaches
  8 goblins
  11 hobgoblins
  7 jackals
  7 quokkas
  2 ball pythons
  A ball python zombie (D:5)
  9 bats
  4 frilled lizards
  A jackal simulacrum (D:6)
  30 kobolds
  A leopard gecko skeleton (D:4)
  A quokka zombie (D:2)
  4 rats
  A rat zombie (D:2)
  2 bushes
  A fungus (Lair:6)
  24 plants
899 creatures vanquished.

Vanquished Creatures (others)
  A sky beast (D:8)
  A slave (D:4)
  A big kobold (D:8)
  A howler monkey (D:4)
  2 crimson imps (D:4)
  2 orc wizards
  Natasha (D:3)
  A worker ant (D:4)
  A white imp (IceCv)
  4 ufetubi (IceCv)
  2 orcs (D:8)
  15 fungi
  17 plants
  7 toadstools (Lair:3)
  A withered plant (Shoals:3)
57 creatures vanquished.

Grand Total: 956 creatures vanquished

Notes
Turn   | Place    | Note
-------+----------+-------------------------------------------
     0 | D:1      | votol the Deep Elf Fire Elementalist began the quest for
                  | the Orb.
     0 | D:1      | Reached XP level 1. HP: 10/10 MP: 6/6
   252 | D:1      | Reached XP level 2. HP: 15/15 MP: 5/8
   282 | D:1      | Learned a level 2 spell: Throw Flame
   786 | D:1      | Reached XP level 3. HP: 20/20 MP: 5/9
   824 | D:1      | Learned a level 3 spell: Conjure Flame
  1550 | D:2      | Found a glowing silver altar of Zin.
  1679 | D:2      | Found a burning altar of Makhleb.
  1689 | D:2      | Reached skill level 1 in Fighting
  1689 | D:2      | Reached XP level 4. HP: 12/25 MP: 6/11
  2471 | D:2      | Found an ancient bone altar of Kikubaaqudgha.
  2520 | D:2      | Found a transporter.
  2528 | D:2      | Found a transporter.
  2532 | D:2      | Noticed a hornet
  2533 | D:2      | Noticed an orc warrior
  2534 | D:2      | Found a glowing golden altar of the Shining One.
  2669 | D:2      | Found a faded altar of an unknown god.
  3371 | D:3      | Found a white marble altar of Elyvilon.
  3383 | D:3      | Reached skill level 4 in Spellcasting
  3570 | D:3      | Found a sparkling altar of Nemelex Xobeh.
  3598 | D:3      | Noticed Natasha
  3609 | D:3      | Killed Natasha
  3609 | D:3      | Reached XP level 5. HP: 15/29 MP: 4/13
  3770 | D:3      | Found a runed translucent gate.
  3770 | D:3      | Found a runed translucent gate.
  3770 | D:3      | Found a runed translucent gate.
  3776 | D:3      | Found an opulent altar of Gozag.
  3778 | D:3      | Noticed LostGamesStreakFreak's ghost (amateur DrIE)
  3795 | D:3      | Noticed a human
  3796 | D:3      | Found a runed translucent door.
  3800 | D:3      | Found a basalt altar of Yredelemnul.
  3849 | D:3      | Noticed Natasha
  3854 | D:3      | Killed Natasha
  3866 | D:3      | Noticed Natasha
  3872 | D:3      | Killed Natasha
  4095 | D:3      | Learned a level 5 spell: Fireball
  4296 | D:3      | Noticed Ijyb
  4305 | D:3      | Killed Ijyb
  4650 | D:3      | Found an ornate altar of the Wu Jian Council.
  4660 | D:3      | Found a bloodstained altar of Trog.
  5023 | D:4      | Reached XP level 6. HP: 35/35 MP: 11/14
  5119 | D:4      | Found a sacrificial altar of Ru.
  5289 | D:4      | Noticed a slave
  5290 | D:4      | Noticed Pikel
  5290 | D:4      | Noticed a slave
  5292 | D:4      | Noticed a slave
  5292 | D:4      | Noticed a slave
  5370 | D:4      | Killed Pikel
  5370 | D:4      | Reached skill level 5 in Dodging
  5370 | D:4      | Reached skill level 5 in Spellcasting
  5370 | D:4      | Reached skill level 5 in Fire Magic
  5370 | D:4      | Reached XP level 7. HP: 40/40 MP: 2/17
  5473 | D:4      | Noticed Edmund
  5496 | D:4      | Killed Edmund
  5555 | D:4      | Reached skill level 6 in Spellcasting
  5822 | D:4      | Found a shimmering altar of Xom.
  6063 | D:5      | Entered Level 5 of the Dungeon
  6065 | D:5      | Reached XP level 8. HP: 46/46 MP: 19/19
  6066 | D:5      | Noticed Menkaure
  6074 | D:5      | Killed Menkaure
  6409 | D:5      | Noticed a +0 hand axe
  6410 | D:5      | Noticed a +0 hand axe
  6488 | D:5      | Found a hide-covered altar of Uskayaw.
  6523 | D:5      | Found a blossoming altar of Fedhas.
  6728 | D:5      | Reached skill level 5 in Conjurations
  6834 | D:5      | Found an opulent altar of Gozag.
  7005 | D:5      | Reached skill level 7 in Spellcasting
  7337 | D:6      | Found a runed translucent gate.
  7337 | D:6      | Found a runed translucent gate.
  7337 | D:6      | Found a runed translucent gate.
  7398 | D:6      | Found a shattered altar of Ashenzari.
  7894 | D:6      | Noticed Grinder
  7907 | D:6      | Killed Grinder
  7907 | D:6      | Reached XP level 9. HP: 52/52 MP: 13/22
  7912 | D:6      | Noticed mopl's ghost (amateur GnCK)
  8483 | D:6      | Killed mopl's ghost
  8483 | D:6      | Reached skill level 8 in Spellcasting
  8582 | D:6      | Got the ring of Daisies {Fire}
  8585 | D:6      | Identified the ring of Daisies {Fire *Slow rElec MR+++
                  | Int+4} (You found it on level 6 of the Dungeon)
  8904 | D:3      | Killed LostGamesStreakFreak's ghost
  9278 | D:2      | Paralysed by a hornet for 1 turns
  9285 | D:2      | Paralysed by a hornet for 1 turns
  9552 | D:2      | Identified Sif Muna's Papyrus of Dislocation and Heat
 10254 | D:7      | Reached skill level 5 in Fighting
 11139 | D:7      | Found a staircase to the Ecumenical Temple.
 11404 | D:7      | Reached skill level 9 in Spellcasting
 11404 | D:7      | Reached XP level 10. HP: 59/59 MP: 13/25
 12129 | D:8      | Noticed an elephant
 12130 | D:8      | Found a staircase to the Lair.
 12170 | D:7      | Killed an elephant
 12850 | D:8      | Found Cudoedd's Book Boutique.
 13315 | Temple   | Entered the Ecumenical Temple
 13383 | Temple   | Became a worshipper of Vehumet
 13651 | D:8      | Identified a scroll of acquirement
 13651 | D:8      | Identified Sif Muna's Compendium of Destructive
                  | Contamination (You acquired it on level 8 of the Dungeon)
 14023 | D:9      | Found a bloodstained altar of Trog.
 14678 | D:9      | Noticed a two-headed ogre
 14699 | D:9      | Killed a two-headed ogre
 14699 | D:9      | Reached * piety under Vehumet
 14699 | D:9      | Offered knowledge of Magic Dart by Vehumet.
 14699 | D:9      | Reached skill level 10 in Spellcasting
 15360 | D:9      | Found a staircase to the Orcish Mines.
 15503 | D:10     | Entered Level 10 of the Dungeon
 15506 | D:10     | Identified Winuolyesu's Almanac of Ice
 15699 | D:9      | Reached ** piety under Vehumet
 15869 | D:10     | Offered knowledge of Sandblast by Vehumet.
 15869 | D:10     | Reached XP level 11. HP: 60/64 MP: 19/27
 15881 | D:9      | Paralysed by a hornet for 1 turns
 16339 | D:10     | Noticed Joseph
 16343 | D:10     | Killed Joseph
 16906 | D:10     | Found Owid's Jewellery Shop.
 17403 | D:10     | Learned a level 5 spell: Bolt of Draining
 17458 | Lair:1   | Entered Level 1 of the Lair of Beasts
 17491 | Lair:1   | Reached skill level 1 in Necromancy
 17994 | Lair:1   | Reached skill level 10 in Dodging
 18228 | Lair:1   | Reached skill level 11 in Spellcasting
 18475 | Lair:2   | Offered knowledge of Ignite Poison by Vehumet.
 18870 | Lair:2   | Reached *** piety under Vehumet
 20041 | Lair:2   | Offered knowledge of Airstrike by Vehumet.
 20443 | Lair:3   | Reached XP level 12. HP: 72/72 MP: 25/29
 20765 | Lair:3   | Reached skill level 5 in Necromancy
 20770 | Lair:3   | Reached skill level 12 in Spellcasting
 20770 | Lair:3   | Reached skill level 10 in Conjurations
 21097 | Lair:3   | Got a sparkling granite ring
 21313 | Lair:3   | Reached **** piety under Vehumet
 21313 | Lair:3   | Reached skill level 1 in Evocations
 21565 | Lair:3   | Identified the ring "Riczuiff" {+Blink MR+ Str-4 Int+4
                  | Stlth-} (You found it on level 3 of the Lair of Beasts)
 22078 | Lair:3   | Offered knowledge of Lee's Rapid Deconstruction by Vehumet.
 22477 | Lair:3   | Noticed a six-headed hydra
 22482 | Lair:3   | Killed a six-headed hydra
 22647 | Lair:3   | Found a staircase to the Shoals.
 22945 | Lair:3   | Found a runed translucent door.
 22976 | Lair:3   | Noticed a dire elephant
 22976 | Lair:3   | Noticed a catoblepas
 23596 | Lair:4   | Learned a level 3 spell: Regeneration
 24402 | Lair:4   | Reached XP level 13. HP: 66/79 MP: 2/31
 24573 | Lair:4   | Reached skill level 13 in Spellcasting
 24667 | Lair:4   | Found a staircase to the Snake Pit.
 24957 | Lair:5   | Noticed Sonja
 24960 | Lair:5   | Killed Sonja
 25158 | Lair:5   | Reached ***** piety under Vehumet
 25158 | Lair:5   | Offered knowledge of Orb of Destruction by Vehumet.
 25644 | Lair:5   | Reached skill level 5 in Evocations
 27048 | Lair:5   | Found a staircase to the Slime Pits.
 27739 | Lair:5   | Reached skill level 14 in Spellcasting
 27894 | Lair:6   | Entered Level 6 of the Lair of Beasts
 27895 | Lair:6   | Noticed Josephine
 28112 | Lair:6   | Killed Josephine
 28776 | Lair:6   | Reached XP level 14. HP: 86/86 MP: 27/34
 30556 | Lair:6   | Reached skill level 10 in Fire Magic
 31877 | D:11     | Reached skill level 10 in Fighting
 32365 | D:11     | Reached skill level 15 in Spellcasting
 33754 | D:12     | Found a portal to a secret trove of treasure.
 35144 | Orc:1    | Entered Level 1 of the Orcish Mines
 35172 | Orc:1    | Found a roughly hewn altar of Beogh.
 36081 | Orc:2    | Entered Level 2 of the Orcish Mines
 36351 | Orc:2    | Offered knowledge of Ozocubu's Refrigeration by Vehumet.
 36861 | Orc:2    | Found a staircase to the Elven Halls.
 36919 | Orc:2    | Reached XP level 15. HP: 89/93 MP: 16/36
 37784 | Orc:2    | Found Hupebb's Assorted Antiques.
 37784 | Orc:2    | Found Pysaapho's Antique Weapon Boutique.
 37786 | Orc:2    | Found Pazoeff's Assorted Antiques.
 37786 | Orc:2    | Found Muhister's Book Boutique.
 37795 | Orc:2    | Bought a book of the Earth for 845 gold pieces
 37953 | Lair:1   | Learned a level 6 spell: Iron Shot
 38099 | Shoals:1 | Entered Level 1 of the Shoals
 38178 | Shoals:1 | Reached skill level 1 in Earth Magic
 38193 | Lair:3   | HP: 2/93 [poisoned by a sea snake]
 39329 | Shoals:1 | Offered knowledge of Freezing Cloud by Vehumet.
 39898 | Shoals:2 | Noticed Donald
 39902 | Shoals:2 | Reached skill level 16 in Spellcasting
 40498 | Shoals:2 | Killed Donald
 40717 | Shoals:2 | Reached skill level 15 in Dodging
 42279 | Shoals:3 | Found Faeg's Book Boutique.
 42358 | Shoals:3 | Reached skill level 5 in Earth Magic
 42784 | Shoals:3 | Reached XP level 16. HP: 100/100 MP: 8/38
 43041 | Shoals:3 | Found a runed translucent door.
 43042 | Shoals:3 | Noticed archon2's ghost (adept DEFE)
 44012 | Shoals:3 | Killed archon2's ghost
 44184 | Shoals:4 | Entered Level 4 of the Shoals
 44385 | Shoals:4 | Offered knowledge of Lightning Bolt by Vehumet.
 44413 | Shoals:4 | Found a frozen archway.
 44422 | IceCv    | Entered an ice cave
 45369 | IceCv    | Reached XP level 17. HP: 104/104 MP: 39/39
 45697 | IceCv    | Noticed an Ice Fiend
 45713 | IceCv    | Killed an Ice Fiend
 46291 | Shoals:4 | Reached skill level 17 in Spellcasting
 46291 | Shoals:4 | Noticed Polyphemus
 46303 | Shoals:4 | Killed from afar by a water nymph

Levels and vault maps discovered:
D:1:      minmay_arrival_three_doors, layout_rooms, minivault_14, minmay_cut_off
D:2:      layout_rooms, gammafunk_temple_overflow_arena,
          overflow_temple_1_default, lemuel_zombie_altar_kikubaaqudgha,
          chequers_ecumenical_altar_grove, serial_forest,
          infiniplex_forest_lined_4_way, infiniplex_forest_end_2,
          infiniplex_forest_pool, infiniplex_forest_straight_5,
          infiniplex_forest_join, infiniplex_forest_clump_curved,
          infiniplex_forest_straight_3, infiniplex_forest_clump_small,
          infiniplex_forest_end_2, infiniplex_forest_clump_long,
          makhleb_heckhound_becter
D:3:      layout_loops_cross, nemelex_xobeh_ov_fountains_minmay,
          elyvilon_altar_5, amethyst_overflow_temple_binary,
          ebering_ghost_gozag, first_ration, kennysheep_cross_room,
          serial_bayou_pond_b, dk_yredelemnul_ordeal, uniq_natasha, uniq_ijyb
D:4:      layout_basic, nicolae_overflow_hidden_temple, led_xom_imps,
          uniq_pikel, uniq_edmund
D:5:      layout_rooms, overflow_temple_1_default, dancing_weapons_uskayaw,
          fedhas_ov_isle_minmay, uniq_menkaure
D:6:      layout_loops_cross, ashenzari_conservatory_becter,
          gammafunk_ghost_icy, uniq_grinder
D:7:      layout_cave_pods, minmay_temple_entry_from_below_b
D:8:      layout_loops_ring, david_lair_generic, serial_shops,
          nicolae_shop_crystal, blue_anna_alchemist [blue_anna_fruit_fields,
          blue_anna_fruit_fields], lemuel_flamethrower_2
D:9:      layout_basic, erik_orc_2, basic_altar
D:10:     layout_cave_pools, serial_shops, shop_statue, uniq_joseph
D:11:     layout_basic, serial_rivers, chequers_serial_rivers_marsh,
          chequers_serial_rivers_room_a, chequers_serial_rivers_small_3,
          chequers_serial_rivers_room_b, chequers_serial_rivers_small_3,
          chequers_serial_rivers_small_3, gauntlet_entry_generic, nrook_campfire
D:12:     kennysheep_ambush_hall, layout_basic, enter_trove_2
Temple:   jpeg_temple_island
Lair:1:   layout_hall_layers
Lair:2:   layout_layer_cave, grunt_megastairs_3, infiniplex_staircase_pool
Lair:3:   gammafunk_lair_enchanted_lake, layout_gridlike,
          minmay_shoals_entry_lonely_mermaid, grunt_megastairs_1
Lair:4:   layout_cave_pods, minmay_snake_entry_guardpost_medium,
          kennysheep_rathole
Lair:5:   layout_small_grid, minmay_slime_entry_oklob_open,
          roderic_carrion_pond, lemuel_fruit_tree, uniq_sonja
Lair:6:   due_jungle_book, layout_regular_city, serial_bayou_shore_b,
          uniq_josephine
Shoals:1: layout_shoals, nicolae_shoals_wave_tunnel
Shoals:2: layout_shoals, nicolae_shoals_undead_eyrie, uniq_donald
Shoals:3: layout_shoals, serial_shops, nicolae_shop_crystal,
          gammafunk_ghost_grave
Shoals:4: shoals_end_hangedman, layout_shoals, portal_ice_cave_entry_pillars_1,
          serial_shops, nicolae_shop_statue_plus, uniq_polyphemus
Orc:1:    layout_caves, basic_altar
Orc:2:    grunt_orc_tribal_feast, layout_diamond_mine

Skill      XL: |  1  2  3  4  5  6  7  8  9 10 11 12 13 14 15 16 17 |
---------------+----------------------------------------------------+-----
Dodging        | 3 4 5 6 8 9 10 11 13 14 15 | 15.8
Fighting       | 1 2 3 4 5 6 7 8 9 10 11 | 11.5
Conjurations   | 2 3 4 5 7 8 9 10 11 12 13 | 13.4
Fire Magic     | 4 5 6 7 9 10 11 | 11.1
Spellcasting   | 4 5 6 7 9 10 11 12 14 15 16 17 | 17.0
Necromancy     | 4 7 9 |  9.0
Evocations     | 4 5 |  5.0
Earth Magic    | 5 8 |  8.8
Stealth        | |  2.4

Action                   |  1- 3 |  4- 6 |  7- 9 | 10-12 | 13-15 | 16-18 || total
-------------------------+-------+-------+-------+-------+-------+-------++-------
Melee: Unarmed           |     1 |       |       |       |       |       ||     1
       Spear             |   133 |   392 |       |       |       |       ||   525
       Hunting sling     |       |       |       |       |     1 |       ||     1
 Fire: Hunting sling     |       |    43 |    71 |   109 |    20 |       ||   243
 Cast: Flame Tongue      |    41 |    76 |   110 |   120 |    13 |       ||   360
       Throw Flame       |    19 |    33 |   134 |   341 |   281 |    54 ||   862
       Conjure Flame     |       |     6 |    13 |    24 |    19 |     5 ||    67
       Fireball          |       |       |    14 |   116 |   266 |    60 ||   456
       Bolt of Draining  |       |       |       |     8 |   182 |    21 ||   211
       Iron Shot         |       |       |       |       |     9 |    18 ||    27
       Regeneration      |       |       |       |       |     1 |     1 ||     2
Evoke: Wand              |       |       |     7 |       |    10 |     3 ||    20
  Use: Scroll            |       |     3 |     9 |     7 |    11 |     2 ||    32
       Potion            |       |       |     4 |     4 |     7 |     1 ||    16
  Eat: Chunk             |     2 |    10 |    14 |    26 |    46 |     4 ||   102
       Ration            |       |     1 |     2 |     7 |     3 |     2 ||    15
Armor: Robe              |     6 |    14 |    18 |    40 |    31 |     4 ||   113
Dodge: Dodged            |    16 |    30 |   127 |   184 |   275 |    35 ||   667
